 Dungeon Crawl Stone Soup version 0.29.1-15-g9cfb28693d (webtiles) character file.

Game seed: 11932559554465459088

627 dobroeutro the Cudgeller (level 7, -2/41 HPs)
             Began as a Gargoyle Fighter on Apr 21, 2023.
             Slain by a scorpion (4 damage)
             ... on level 5 of the Dungeon.
             The game lasted 00:06:30 (4357 turns).

dobroeutro the Cudgeller (Gargoyle Fighter)         Turns: 4357, Time: 00:06:31

Health: -2/41      AC: 13    Str: 20    XL:     7   Next: 48%
Magic:  7/7        EV:  9    Int:  8    God:
Gold:   183        SH:  4    Dex:  7    Spells: 6/6 levels left

rFire   . . .      SeeInvis +   a - +0 flail
rCold   . . .      Faith    .   c - +0 buckler
rNeg    + . .      Spirit   .   b - +0 scale mail
rPois   ∞          Reflect  .   l - +0 helmet
rElec   +          Harm     .   (no cloak)
rCorr   .          Rampage  .   t - +0 pair of gloves
Will    .....                   (no boots)
Stlth   ..........              (no amulet)
HPRegen 0.13/turn               (no ring)
MPRegen 0.10/turn               (no ring)

@: no status effects
A: sickness immunity, AC +4, negative energy resistance 1, electricity
resistance, torment resistance 1, petrification resistance, see invisible,
clumsy 1, weak 1
a: no special abilities


You were on level 5 of the Dungeon.
You visited 1 branch of the dungeon, and saw 5 of its levels.

You collected 183 gold pieces.

Inventory:

Hand Weapons
 a - a +0 flail (weapon)
Armour
 b - a +0 scale mail (worn)
 c - a +0 buckler (worn)
 l - a +0 helmet (worn)
 t - a +0 pair of gloves (worn)
Jewellery
 B - a ring of positive energy
Wands
 m - a wand of acid (3)
 v - a wand of iceblast (4)
Scrolls
 f - a scroll of enchant armour {unknown}
 g - 5 scrolls of amnesia {unknown}
 i - a scroll of teleportation {unknown}
 k - 7 scrolls of identify {unknown}
 n - a scroll of torment {unknown}
 o - 2 scrolls of magic mapping {unknown}
 p - 2 scrolls of blinking {unknown}
 q - a scroll of noise {unknown}
 r - a scroll of fear {unknown}
 u - a scroll of summoning {unknown}
 w - a scroll of vulnerability {unknown}
 y - a scroll of butterflies {unknown}
 A - a scroll of silence {unknown}
Potions
 d - 2 potions of might
 e - a potion of mutation
 h - a potion of attraction {unknown}
 j - a potion of heal wounds {unknown}


   Skills:
 - Level 3.2 Fighting
 + Level 7.3 Maces & Flails
 - Level 3.2 Armour
 + Level 2.2 Dodging
 + Level 1.4 Stealth
 - Level 3.2 Shields


You had 6 spell levels left.
You didn't know any spells.
Your spell library contained the following spells:

 Spells                   Type           Power      Damage    Failure   Level
 Magic Dart               Conj           0%         1d3       85%         1
 Searing Ray              Conj           0%         2d4       94%         2
 Fulminant Prism          Conj/Hex       0%         3d6       100%        4


Dungeon Overview and Level Annotations

Branches:
Dungeon (5/15)
 Temple: D:4-7

Altars:

Shops:
D:3 (

Annotations:
D:5 Pikel


Innate Abilities, Weirdness & Mutations

You are immune to sickness and miasma.
Your stone body is resilient. (AC +4)
You are immune to poison.
You resist negative energy. (rN+)
You are resistant to electric shocks. (rElec)
You are resistant to unholy torment.
You are immune to petrification.
You have supernaturally acute eyesight. (SInv)
You are clumsy. (Dex -2)
You are weak. (Str -2)


Message History

You barely miss Pikel.
Pikel is moderately wounded.
Pikel says, "Don't tell anyone, but I think Ereshkigal likes me."
Pikel hits you but does no damage.
You closely miss Pikel.
Pikel is moderately wounded.
Pikel waves his whip at you.
Pikel hits you with a +2 whip of freezing.
Pikel freezes you. Pikel attacks as you move away!
Pikel hits you with a +2 whip of freezing.
Pikel freezes you. Pikel attacks as you move away!
Pikel hits you with a +2 whip of freezing!
* * * LOW HITPOINT WARNING * * *
Pikel freezes you.
* * * LOW HITPOINT WARNING * * *
You block the scorpion's attack. The scorpion attacks as you move away!
You block the scorpion's attack.
It was a potion of mutation.
You feel extremely strange.
You feel clumsy.
You feel weaker.
Your vision sharpens.
The scorpion barely misses you.
It was a potion of haste.
You feel yourself speed up.
The scorpion stings you but does no damage.
It was a potion of lignification.
You turn into a tree.
Your +0 helmet melds into your body.
Your +0 pair of gloves melds into your body.
Your +0 scale mail melds into your body.
Your roots penetrate the ground.
The scorpion stings you but does no damage.
It was a potion of cancellation.
Your magical effects are unravelling.
You feel magically purged.
You feel less wooden.
Your +0 helmet unmelds from your body.
Your +0 pair of gloves unmelds from your body.
Your +0 scale mail unmelds from your body.
You feel yourself slow down. The scorpion stings you.
You die...

### ..# #.# #.# #.# #.###
#.#######...#############
#.>..oKs@...............)
#..##.#####.#####.###.###
#)# #.......# #...# ...
######### ###.# ....? #.#
#####.# ###.# .# #<..# .#
##### .


You could see Pikel, a scorpion and an orc.

Vanquished Creatures
  Menkaure (D:5)
  A black bear (D:5)
  A necrophage (D:4)
  2 hounds (D:5)
  An iguana (D:4)
  Natasha (thrice) (D:3)
  7 gnolls
  3 adders
  An ufetubus (D:5)
  2 worms
  4 dart slugs
  7 orcs
  8 ball pythons
  4 endoplasms
  A giant cockroach (D:1)
  5 goblins
  5 hobgoblins
  7 jackals (D:1)
  3 quokkas (D:1)
  6 bats
  2 frilled lizards (D:1)
  7 kobolds
  5 rats
86 creatures vanquished.

Vanquished Creatures (others)
  14 plants (D:2)
14 creatures vanquished.

Grand Total: 100 creatures vanquished

Notes
Turn   | Place    | Note
-------+----------+-------------------------------------------
     0 | D:1      | dobroeutro the Gargoyle Fighter began the quest for the
                  | Orb.
     0 | D:1      | Reached XP level 1. HP: 14/14 MP: 1/1
   324 | D:1      | Reached XP level 2. HP: 17/19 MP: 2/2
   538 | D:1      | Reached skill level 3 in Maces & Flails
   605 | D:1      | Found a faded altar of an unknown god.
   642 | D:1      | Reached XP level 3. HP: 19/23 MP: 3/3
  1423 | D:2      | Reached skill level 4 in Maces & Flails
  1423 | D:2      | Reached XP level 4. HP: 18/28 MP: 4/4
  1908 | D:3      | Found Feacseph's Weapon Shop.
  2115 | D:3      | Reached XP level 5. HP: 23/32 MP: 5/5
  2371 | D:3      | Noticed Natasha
  2399 | D:3      | Killed Natasha
  2400 | D:3      | Reached skill level 5 in Maces & Flails
  2400 | D:3      | Reached skill level 1 in Stealth
  2543 | D:3      | Noticed Natasha
  2552 | D:3      | Killed Natasha
  2573 | D:3      | Noticed Natasha
  2583 | D:3      | Killed Natasha
  2584 | D:3      | Reached skill level 1 in Dodging
  3175 | D:4      | Reached XP level 6. HP: 37/37 MP: 6/6
  3340 | D:4      | Reached skill level 6 in Maces & Flails
  3804 | D:5      | Entered Level 5 of the Dungeon
  3920 | D:5      | Noticed Menkaure
  3930 | D:5      | Killed Menkaure
  3931 | D:5      | Reached XP level 7. HP: 25/41 MP: 7/7
  4296 | D:5      | Reached skill level 7 in Maces & Flails
  4339 | D:5      | Noticed Pikel
  4352 | D:5      | HP: 1/41 [Pikel/+2 whip of freezing (4)]
  4354 | D:5      | Gained mutation: You are clumsy. (Dex -2) [potion of
                  | mutation]
  4354 | D:5      | Gained mutation: You are weak. (Str -2) [potion of
                  | mutation]
  4354 | D:5      | Gained mutation: You have supernaturally acute eyesight.
                  | (SInv) [potion of mutation]
  4357 | D:5      | Slain by a scorpion

Illustrated notes

Levels and vault maps discovered:
D:1:      heliophobic_arrival_battle_scene, layout_basic,
          ebering_ecumenical_altar_abandoned, amcnicky_mini_corridor_feature
D:2:      layout_basic, nicolae_grassy_gnolls
D:3:      layout_rooms, serial_shops, shop, small_statue_intersection,
          uniq_natasha
D:4:      layout_basic, serial_glass, glass_columns_a, glass_columns_b,
          kennysheep_small_square
D:5:      layout_basic, uniq_menkaure, uniq_pikel

Skill      XL: |  1  2  3  4  5  6  7 |
---------------+----------------------+-----
Maces & Flails | 3 4 5 6 7 |  7.3
Stealth        | 1 |  1.4
Dodging        | 1 2 |  2.2
Fighting       | |  3.2
Armour         | |  3.2
Shields        | |  3.2

Action                   |  1- 3 |  4- 6 |  7- 9 || total
-------------------------+-------+-------+-------++-------
Melee: Flail             |   153 |   169 |    48 ||   370
  Use: Potion            |       |       |     4 ||     4
Armor: Scale mail        |   114 |    89 |    28 ||   231
       Skin              |       |       |     1 ||     1
Dodge: Dodged            |   106 |    68 |    29 ||   203
Block: Buckler           |    31 |    33 |    12 ||    76
